 Dungeon Crawl Stone Soup version 0.17.0-28-g6e173f8 (webtiles) character file.

277 homeworkjunkie the Covert (level 6, 0/32 HPs)
             Began as a Spriggan Assassin on Nov 29, 2015.
             Killed from afar by an orc wizard (11 damage)
             ... with a magic dart
             ... on level 3 of the Dungeon.
             The game lasted 00:07:32 (3216 turns).

homeworkjunkie the Covert (Spriggan Assassin)       Turns: 3216, Time: 00:07:33

Health: 0/32       AC:  4    Str:  7    XL:     6   Next: 4%
Magic:  7/7        EV: 19    Int: 13    God:
Gold:   189        SH:  0    Dex: 19    Spells: 0 memorised, 5 levels left

rFire  + . .     SeeInvis +     a - +3 dagger
rCold  x . .     Clarity  .     c - +0 robe
rNeg   . . .     SustAt   .     (shield restricted)
rPois  .         Gourm    .     (helmet restricted)
rElec  .         Spirit   .     d - +1 cloak
rCorr  .         Warding  .     (gloves unavailable)
rMut   .         Stasis   .     (boots unavailable)
MR     +....                    (no amulet)
Stlth  +++++.....               v - ring of wizardry
                                o - ring of fire

@: very quick, somewhat resistant to hostile enchantments, quite stealthy
A: unfitting armour, see invisible, herbivore 3, speed 3, slow metabolism 2
a: no special abilities


You were on level 3 of the Dungeon.
You were not hungry.

You visited 1 branch of the dungeon, and saw 5 of its levels.

You collected 189 gold pieces.

Inventory:

Hand Weapons
 a - a +3 dagger (weapon)
 b - a +0 blowgun
 q - a +0 hunting sling
 y - a +0 short sword of draining
Missiles
 e - 34 poisoned needles
 f - 2 curare-tipped needles
 i - 52 sling bullets
 t - 8 tomahawks (quivered)
Armour
 c - a +0 robe (worn)
 d - a +1 cloak (worn)
Jewellery
 o - a ring of fire (left hand)
 v - a ring of wizardry (right hand)
Scrolls
 l - a scroll of magic mapping
 w - a scroll of identify
 x - a scroll of amnesia
Potions
 h - 2 potions of flight {unknown}
 j - a potion of ambrosia {unknown}
 k - a potion of resistance
 m - a potion of heal wounds
 n - a potion of magic {unknown}
 p - a potion of curing {unknown}
 r - a potion of degeneration {unknown}
 s - a potion of lignification {unknown}
 u - a potion of poison {unknown}
Comestibles
 g - 3 bread rations
 z - a slice of pizza


   Skills:
 * Level 2.4 Fighting
 * Level 2.9 Short Blades
 * Level 2.4(3.4) Slings
 * Level 3.0(3.3) Throwing
 * Level 3.6 Dodging
 * Level 8.0 Stealth


You had 5 spell levels left.
You didn't know any spells.

Dungeon Overview and Level Annotations

Branches:
Dungeon (5/15)
 Temple: D:4-7

Altars:
The Shining One

Shops:
D:2 *


Innate Abilities, Weirdness & Mutations

You are tiny and cannot use many weapons and most armour.
You have supernaturally acute eyesight.
You are a herbivore.
You cover ground extremely quickly.
You need consume almost no food.


Message History

You barely miss the orc wizard.
The orc wizard is lightly wounded.
The orc wizard casts a spell.
The orc wizard blinks!
Things that are here:
a dagger; 3 poisoned needles You hit the orc wizard.
The orc wizard is moderately wounded.
The orc wizard misses you.
You hit the orc wizard.
The orc wizard is moderately wounded.
The orc wizard completely misses you.
You hit the orc wizard but do no damage.
The orc wizard is heavily wounded.
The orc wizard hits you with a dagger.
You hit the orc wizard but do no damage.
The orc wizard is heavily wounded.
The orc wizard casts a spell at you. The magic dart hits you!
You die...

.# ####..##.###..#### #.#
#..## .# #..###...#.# #.#
#.... .# #..# ##.##.# #.#
#.### .# #..# #.##.#
#.####.### ..
.....##.##.#######.##......
#..................##.#.###
#.###.#.##.##########.#.#
#...>##.# #.#.# #..####@#
### #.#.# #.. #o# ##.##
##.#.###
.........###.#.###.......
###..#######.###.†..#.....
# ##.#.###...#### ##.##
##.## #.# #.#####
.#######.# #......
.........# #######


You could see an orc wizard.

Vanquished Creatures
  Ijyb (D:2)
  3 orc priests
  A hound (D:3)
  Robin (D:1)
  3 adders
  3 oozes
  A worm (D:2)
  2 giant geckos
  4 orcs
  2 ball pythons (D:1)
  3 giant cockroaches
  11 hobgoblins
  2 jackals (D:1)
  4 kobolds
  7 bats
  3 giant newts
  11 goblins
  A quokka (D:3)
  5 rats
68 creatures vanquished.

Vanquished Creatures (others)
  An orc wizard (D:4)
1 creature vanquished.

Grand Total: 69 creatures vanquished

Notes
Turn   | Place    | Note
--------------------------------------------------------------
     0 | D:1      | homeworkjunkie the Spriggan Assassin began the quest for the Orb.
     0 | D:1      | Reached XP level 1. HP: 10/10 MP: 2/2
    61 | D:1      | Reached skill level 6 in Stealth
   115 | D:2      | Reached XP level 2. HP: 14/14 MP: 3/3
   132 | D:2      | Found Gozag's Platinum Reserve.
   283 | D:2      | Noticed Robin
   523 | D:2      | Noticed Ijyb
   537 | D:2      | Killed Ijyb
   537 | D:2      | Reached skill level 7 in Stealth
   537 | D:2      | Reached XP level 3. HP: 14/18 MP: 4/4
   632 | D:1      | Found a glowing golden altar of the Shining One.
  1128 | D:2      | Reached XP level 4. HP: 23/23 MP: 5/5
  1138 | D:1      | Killed Robin
  1520 | D:3      | Reached XP level 5. HP: 22/26 MP: 6/6
  2303 | D:3      | You fall through a shaft!
  2418 | D:4      | Reached skill level 1 in Slings
  3129 | D:5      | Entered Level 5 of the Dungeon
  3209 | D:3      | Reached skill level 8 in Stealth
  3209 | D:3      | Reached XP level 6. HP: 13/32 MP: 7/7
  3216 | D:3      | Killed from afar by an orc wizard

Action                   |  1- 3 |  4- 6 || total
-------------------------+-------+-------++-------
Melee: Dagger            |    88 |    52 ||   140
       Short sword       |       |    24 ||    24
 Fire: Blowgun           |     5 |    36 ||    41
       Hunting sling     |       |    34 ||    34
  Use: Scroll            |     5 |     5 ||    10
       Potion            |       |     1 ||     1
 Stab: Sleeping          |    14 |     7 ||    21
       Distracted        |       |     1 ||     1
